[Event "Titled Tuesday Blitz December 27 Late 2022"]
[White "Domingo Nunez, Ruben"]
[Black "Ezat, Mohamed"]
[WhiteFideId "22245570"]
[BlackFideId "10600906"]
[WhiteElo "2416"]
[BlackElo "2402"]
[Result "1-0"]
[Round "04"]
[TimeControl "180+2"]
[Date "2022.12.27"]
[WhiteClock "0:00:13"]
[BlackClock "0:00:18"]

1. e4 e5 2. Nf3 Nc6 3. Bc4 Nf6 4. d3 h6 5. O-O g6 6. d4 exd4 7. e5 d5 8. Bb5 Ne4 9. Nxd4 Bd7 10. Nxc6 bxc6 11. Bd3 Bc5 12. Bxe4 dxe4 13. Nc3 Bf5 14. Qe2 Qh4 15. Be3 Bb6 16. Qc4 O-O 17. Qxc6 Rae8 18. Qb5 Re6 19. Rfe1 Rfe8 20. Rad1 Rxe5 21. Qc6 R5e6 22. Qa4 Re5 23. Nd5 Bg4 24. Rd2 Rh5 25. Bf4 Rxd5 26. Qxe8+ Kg7 27. Be5+ f6 28. Qe7+ Kg8 29. Bg3 Qg5 30. Rxd5 Qxd5 31. Qe8+ Kg7 32. Qxe4 Qxe4 33. Rxe4 Kf7 34. Rxg4 1-0


[Site "https://www.chess.com"]

[Event "Titled Tuesday Blitz December 27 Late 2022"]
[White "Feng, Eric"]
[Black "Stankovic, Ivan G"]
[WhiteFideId "30952590"]
[BlackFideId "902837"]
[WhiteElo "1951"]
[BlackElo "2302"]
[Result "0-1"]
[Round "04"]
[TimeControl "180+2"]
[Date "2022.12.27"]
[WhiteClock "0:00:19"]
[BlackClock "0:00:44"]

1. d4 d5 2. c4 c6 3. Nf3 Nf6 4. Nbd2 a6 5. g3 Bf5 6. Bg2 e6 7. O-O Nbd7 8. a3 Bd6 9. b3 h6 10. Bb2 O-O 11. Rc1 Qe7 12. b4 Rad8 13. Qb3 e5 14. c5 Bc7 15. dxe5 Nxe5 16. Nxe5 Bxe5 17. Nf3 Bxb2 18. Qxb2 Be4 19. Rfe1 Rfe8 20. e3 Nd7 21. a4 a5 22. Nd4 Bxg2 23. Kxg2 Qe4+ 24. f3 Qe7 25. Nf5 Qe5 26. Qxe5 Nxe5 27. Nd6 Re7 28. Rcd1 axb4 29. f4 Ng4 30. Rd3 Ra8 31. Ra1 Nxe3+ 32. Kf2 Ng4+ 33. Kg2 h5 34. h3 Re2+ 35. Kf1 Rh2 36. Kg1 Rxh3 37. Nxb7 Re8 38. a5 Re2 39. a6 Reh2 40. Rd2 Rxd2 41. a7 Rxg3+ 42. Kf1 Rf2+ 43. Ke1 Rg1# 0-1


[Site "https://www.chess.com"]

[Event "Titled Tuesday Blitz December 27 Late 2022"]
[White "Fernandez Guillen, Ernesto J."]
[Black "Poltorak, Sebastian"]
[WhiteFideId "3512428"]
[BlackFideId "1199498"]
[WhiteElo "2477"]
[BlackElo "2354"]
[Result "1-0"]
[Round "04"]
[TimeControl "180+2"]
[Date "2022.12.27"]
[WhiteClock "0:01:10"]
[BlackClock "0:00:16"]

1. e4 c6 2. d4 d5 3. e5 c5 4. dxc5 e6 5. a3 Bxc5 6. Qg4 Ne7 7. b4 h5 8. Qxg7 Rg8 9. Qh7 Bd4 10. c3 Bxe5 11. Nf3 Rh8 12. Qc2 Bf6 13. h4 Qc7 14. Bg5 Bxg5 15. hxg5 b6 16. Nbd2 Nd7 17. c4 Bb7 18. O-O-O O-O-O 19. cxd5 Qxc2+ 20. Kxc2 Nxd5 21. Rh4 Kb8 22. Nc4 Rc8 23. Kb3 Rc6 24. a4 a6 25. b5 axb5 26. axb5 Rc5 27. Nd6 Rh7 28. Bd3 Rg7 29. Rxh5 Rg8 30. Rh7 Kc7 31. Nxb7 Kxb7 32. Rxf7 Kc8 33. Bc4 Rh8 34. Ra1 Nb8 35. Raa7 Rd8 36. Nd4 e5 37. Ne6 Re8 38. Bxd5 Rxb5+ 39. Kc4 Rc5+ 40. Nxc5 bxc5 41. Kxc5 1-0


[Site "https://www.chess.com"]

[Event "Titled Tuesday Blitz December 27 Late 2022"]
[White "Fernandez, Maria Florencia"]
[Black "Moreno Perez, Tobias Sebastian"]
[WhiteFideId "116459"]
[BlackFideId "186716"]
[WhiteElo "2129"]
[BlackElo "2256"]
[Result "0-1"]
[Round "04"]
[TimeControl "180+2"]
[Date "2022.12.27"]
[WhiteClock "0:00:01"]
[BlackClock "0:00:18"]

1. d4 d5 2. c4 c6 3. Nc3 Nf6 4. Nf3 dxc4 5. a4 Bf5 6. e3 e6 7. Bxc4 Bb4 8. O-O O-O 9. Nh4 Bg4 10. f3 Nd5 11. fxg4 Qxh4 12. Ne4 Nd7 13. Ng3 Qe7 14. e4 N5b6 15. Bb3 Rad8 16. Qf3 c5 17. a5 Nc8 18. d5 c4 19. Bc2 Ne5 20. Qf4 Ng6 21. Qf3 Bc5+ 22. Kh1 Nd6 23. Nh5 Nb5 24. Qe2 exd5 25. e5 Nd4 26. Qd1 Nxc2 27. Qxc2 Qxe5 28. Bd2 Qe4 29. Qxe4 dxe4 30. Bc3 f6 31. Rae1 Rfe8 32. g5 Bd4 33. gxf6 Rf8 34. fxg7 Rxf1+ 35. Rxf1 Bxc3 36. bxc3 e3 37. h3 e2 38. Rf8+ Nxf8 39. gxf8=Q+ Rxf8 0-1


[Site "https://www.chess.com"]

[Event "Titled Tuesday Blitz December 27 Late 2022"]
[White "Fiorito, Joaquin"]
[Black "Wieczorek, Oskar"]
[WhiteFideId "180173"]
[BlackFideId "1133950"]
[WhiteElo "2405"]
[BlackElo "2512"]
[Result "1/2-1/2"]
[Round "04"]
[TimeControl "180+2"]
[Date "2022.12.27"]
[WhiteClock "0:00:08"]
[BlackClock "0:00:47"]

1. d4 Nf6 2. Nc3 g6 3. e4 d6 4. Be3 Bg7 5. Qd2 c6 6. Bh6 Bxh6 7. Qxh6 b5 8. Bd3 Nbd7 9. Nf3 e5 10. O-O Qe7 11. dxe5 Nxe5 12. Nxe5 dxe5 13. h3 Be6 14. Ne2 Nd7 15. f4 Qf8 16. Qh4 exf4 17. Nxf4 Qc5+ 18. Kh1 O-O 19. Nxe6 fxe6 20. a4 a6 21. axb5 axb5 22. Rxa8 Rxa8 23. Qg4 Qe5 24. c3 Rf8 25. Rxf8+ Kxf8 26. Qh4 Nf6 27. Qf2 Ke7 28. Qe3 g5 29. Qa7+ Nd7 30. Qe3 Qf4 31. Qd4 Qc1+ 32. Kh2 Qf4+ 33. Kg1 Qe5 34. Qe3 Qc5 35. Kf2 Kf6 36. Ke2 Qxe3+ 37. Kxe3 Ke5 38. g3 h6 39. b4 Nf6 40. Bc2 Nd7 41. Bd3 Nb6 42. Be2 Na4 43. Kd3 Nb2+ 44. Ke3 Na4 45. Kd3 Nb6 46. Ke3 Nd7 47. Bd3 1/2-1/2


[Site "https://www.chess.com"]

[Event "Titled Tuesday Blitz December 27 Late 2022"]
[White "Fisher_TheGalactic"]
[Black "Eggleston, Thomas A"]
[BlackFideId "412139"]
[WhiteElo "2477"]
[BlackElo "2215"]
[Result "1-0"]
[Round "04"]
[TimeControl "180+2"]
[Date "2022.12.27"]
[WhiteClock "0:01:10"]
[BlackClock "0:00:10"]

1. Nf3 e6 2. g3 f5 3. Bg2 Nf6 4. O-O Be7 5. d3 d5 6. Nbd2 d4 7. e4 dxe3 8. fxe3 O-O 9. Qe2 Nc6 10. Nc4 Qe8 11. Nfe5 Nxe5 12. Nxe5 Bd6 13. Nc4 e5 14. Nxd6 cxd6 15. b3 e4 16. Bb2 d5 17. dxe4 dxe4 18. Rad1 Be6 19. Rd6 Kh8 20. Rfd1 Nd7 21. Qb5 Rf7 22. Qxb7 Nf8 23. Qb4 Ng6 24. Qd4 Rc8 25. c4 h5 26. h4 Qe7 27. Rd8+ Rf8 28. Rxc8 Bxc8 29. Qd6 Qf7 30. Ba3 Re8 31. Bb2 Kh7 32. Bf1 f4 33. exf4 e3 34. Be2 Re5 35. Bxe5 1-0


[Site "https://www.chess.com"]

[Event "Titled Tuesday Blitz December 27 Late 2022"]
[White "Floresvillar Gonzalez, Luis Migu"]
[Black "Mesa Cruz, Juan Carlos"]
[WhiteFideId "5100542"]
[BlackFideId "6423400"]
[WhiteElo "2043"]
[BlackElo "2122"]
[Result "1-0"]
[Round "04"]
[TimeControl "180+2"]
[Date "2022.12.27"]
[WhiteClock "0:01:19"]
[BlackClock "0:00:05"]

1. e4 c5 2. d4 cxd4 3. c3 d5 4. exd5 Qxd5 5. cxd4 e6 6. Nc3 Bb4 7. Nf3 Nf6 8. Be2 O-O 9. O-O Qd6 10. Bg5 Nbd7 11. Qb3 Bxc3 12. bxc3 b6 13. Rad1 Bb7 14. c4 Rac8 15. Rfe1 Ng4 16. h3 Ngf6 17. Bh4 Ne4 18. d5 e5 19. Qe3 f5 20. Ng5 Nxg5 21. Bxg5 h6 22. Bh4 f4 23. Qe4 g5 24. Bd3 Nf6 25. Qg6+ Kh8 26. Qxh6+ 1-0


[Site "https://www.chess.com"]

[Event "Titled Tuesday Blitz December 27 Late 2022"]
[White "Foisor, Sabina-Francesca"]
[Black "Denishev, Marat"]
[WhiteFideId "1212915"]
[BlackFideId "24131563"]
[WhiteElo "2185"]
[BlackElo "2255"]
[Result "0-1"]
[Round "04"]
[TimeControl "180+2"]
[Date "2022.12.27"]
[WhiteClock "0:00:02"]
[BlackClock "0:00:05"]

1. d4 Nf6 2. c4 g6 3. Nf3 Bg7 4. g3 O-O 5. Bg2 d6 6. O-O Nc6 7. Nc3 Bf5 8. Nh4 Bd7 9. e4 e5 10. Nf3 Re8 11. d5 Nd4 12. h3 c5 13. dxc6 bxc6 14. Bg5 h6 15. Be3 c5 16. Kh2 Rb8 17. b3 Qa5 18. Qd2 Kh7 19. Rac1 Qb4 20. Nd5 Nxd5 21. exd5 a5 22. Qd1 a4 23. Nd2 axb3 24. axb3 f5 25. Rb1 Qc3 26. Qc1 Qb4 27. f4 e4 28. Rf2 Ra8 29. Nf1 Reb8 30. Bd2 Qb6 31. Ne3 Ra2 32. Qf1 Qa6 33. Bc3 Rxf2 34. Qxf2 Ra8 35. g4 Qa2 36. Rb2 Qa3 37. gxf5 Bxf5 38. Rb1 Qa2 39. Rb2 Qa6 40. Rb1 Qb7 41. b4 Ra3 42. Bb2 Rb3 43. Qf1 Qxb4 0-1


[Site "https://www.chess.com"]

[Event "Titled Tuesday Blitz December 27 Late 2022"]
[White "Forgacs, Attila Jr."]
[Black "Sailer, Mike"]
[WhiteFideId "773654"]
[BlackFideId "2012901"]
[WhiteElo "2264"]
[BlackElo "2109"]
[Result "0-1"]
[Round "04"]
[TimeControl "180+2"]
[Date "2022.12.27"]
[WhiteClock "0:00:46"]
[BlackClock "0:00:04"]

1. e4 d5 2. exd5 Qxd5 3. Nc3 Qd6 4. d4 Nf6 5. Nf3 c6 6. g3 Bf5 7. Bg2 e6 8. O-O Be7 9. Nh4 Bg4 10. f3 Bh5 11. Bf4 Qd8 12. g4 Bg6 13. Nxg6 hxg6 14. Bg3 Nbd7 15. Ne4 Nb6 16. c3 Nbd5 17. Nxf6+ gxf6 18. Qd3 f5 19. gxf5 gxf5 20. Rae1 Qd7 21. c4 Nf6 22. Be5 O-O-O 23. f4 Rh6 24. a4 Rdh8 25. h3 Rg8 26. a5 Ne4 27. a6 b6 28. Rxe4 fxe4 29. Qxe4 Rxh3 30. d5 Rhg3 31. Rf2 exd5 32. cxd5 Bc5 33. dxc6 Rxg2+ 34. Qxg2 Rxg2+ 35. Kxg2 Qg4+ 36. Kf1 Bxf2 37. Kxf2 Qe6 38. c7 Qb3 39. Ke2 Qb5+ 40. Ke3 Qxa6 41. Ke4 Qc4+ 42. Kf5 Qe6+ 43. Ke4 b5 44. f5 Qc4+ 45. Kf3 a5 46. Bd6 Qc6+ 47. Kf4 Qxd6+ 48. Kg5 Qxc7 49. Kf6 b4 50. b3 a4 51. Kg7 a3 52. Kf6 a2 53. Kg5 a1=Q 54. Kh6 Qg1 55. Kh7 Qch2# 0-1


[Site "https://www.chess.com"]

[Event "Titled Tuesday Blitz December 27 Late 2022"]
[White "Freile Martin, Javier"]
[Black "Defend, Balint"]
[WhiteFideId "3600165"]
[BlackFideId "17004853"]
[WhiteElo "2329"]
[BlackElo "1673"]
[Result "0-1"]
[Round "04"]
[TimeControl "180+2"]
[Date "2022.12.27"]
[WhiteClock "0:00:01"]
[BlackClock "0:01:05"]

1. d4 Nf6 2. c4 e6 3. Nc3 Bb4 4. Bg5 h6 5. Bd2 c5 6. d5 d6 7. a3 Bxc3 8. Bxc3 e5 9. g3 Bf5 10. Bg2 Bg6 11. Nf3 Ne4 12. Rc1 O-O 13. O-O Bh7 14. Be1 f5 15. b4 f4 16. Qb3 b6 17. Nd2 Nxd2 18. Bxd2 Nd7 19. Bh3 Nf6 20. Be6+ Kh8 21. gxf4 exf4 22. Bxf4 Ne4 23. Qe3 Qf6 24. Bg3 Rae8 25. f3 Ng5 26. Qc3 Qg6 27. Kh1 Nxe6 28. dxe6 Rxe6 29. Rcd1 Rxe2 30. Rxd6 Qg5 31. Rd7 Be4 32. Kg1 Bc6 33. Rc7 Ba8 34. bxc5 bxc5 35. Qd3 Rfe8 0-1


[Site "https://www.chess.com"]

[Event "Titled Tuesday Blitz December 27 Late 2022"]
[White "Gahan, M G"]
[Black "Martin Carmona, Gaston Manuel"]
[WhiteFideId "5027373"]
[BlackFideId "22284567"]
[WhiteElo "2247"]
[BlackElo "2333"]
[Result "1-0"]
[Round "04"]
[TimeControl "180+2"]
[Date "2022.12.27"]
[WhiteClock "0:00:20"]
[BlackClock "0:00:03"]

1. e4 c5 2. c3 Nf6 3. e5 Nd5 4. d4 cxd4 5. cxd4 d6 6. Nf3 Nc6 7. Bc4 Nb6 8. Bb5 dxe5 9. Nxe5 Bd7 10. Nxd7 Qxd7 11. Nc3 e6 12. Be3 a6 13. Bxc6 Qxc6 14. O-O Nd5 15. Rc1 Qd7 16. Qf3 Be7 17. Nxd5 exd5 18. Qg3 O-O 19. Rc7 Qe6 20. Rxb7 Bd6 21. Qf3 Rfb8 22. Rxb8+ Rxb8 23. b3 a5 24. Rc1 h6 25. g3 Ba3 26. Rc7 Bb4 27. Ra7 Rf8 28. Kg2 Qc6 29. Bf4 Qe6 30. Be5 f6 31. Bc7 Rf7 32. Ra8+ Rf8 33. Rxf8+ Kxf8 34. Qd3 Kg8 35. h4 Qc6 36. Bf4 Qe8 37. Qf5 Qc6 38. Qg6 Bc3 39. Bxh6 Qd7 40. Be3 Qe6 41. Qc2 Bb4 42. Qg6 Bc3 43. h5 Kf8 44. h6 gxh6 45. Qxh6+ Ke8 46. Qh8+ Kd7 47. Qh7+ Ke8 48. Qd3 Bb4 49. Qb5+ Kf7 50. Qd3 Ke8 51. Bd2 Bxd2 52. Qxd2 Qe4+ 53. Kg1 Kf7 54. Kf1 Qh1+ 55. Ke2 Qe4+ 56. Kd1 Qb1+ 57. Ke2 Qe4+ 58. Qe3 Qc2+ 59. Kf3 Qxa2 60. Qd3 a4 61. bxa4 Qxa4 62. Qh7+ Ke6 63. Qg8+ Kd6 64. Qd8+ Ke6 65. Qc8+ Ke7 66. Qc5+ Ke6 67. Qc8+ Ke7 68. Qc3 Qd7 69. g4 Kf7 70. Qe3 Qd6 71. Qf4 Qa3+ 72. Kg2 Qd3 73. Qc7+ Kg6 74. Qf4 Kf7 75. g5 Qg6 76. Qxf6+ Qxf6 77. gxf6 Kxf6 78. Kg3 Kg5 79. f4+ Kf5 80. Kf3 Kg6 81. Kg4 Kf6 82. f5 Ke7 83. Kg5 Kf7 84. f6 Ke6 85. Kg6 Kd7 86. f7 1-0


[Site "https://www.chess.com"]

[Event "Titled Tuesday Blitz December 27 Late 2022"]
[White "Garcia, Gabriel Gonzaga"]
[Black "Gasanov, Eldar"]
[WhiteFideId "2138956"]
[BlackFideId "14104466"]
[WhiteElo "2091"]
[BlackElo "2481"]
[Result "0-1"]
[Round "04"]
[TimeControl "180+2"]
[Date "2022.12.27"]
[WhiteClock "0:00:10"]
[BlackClock "0:00:25"]

1. e4 c5 2. Nf3 Nc6 3. d4 cxd4 4. Nxd4 Nf6 5. Nc3 g6 6. Be3 Bg7 7. Be2 O-O 8. Nb3 a6 9. O-O b5 10. f4 d6 11. Bf3 Bb7 12. Nd5 Nd7 13. c3 e6 14. Nb4 Nxb4 15. cxb4 Nf6 16. Qd3 Rc8 17. Rad1 Rc4 18. e5 Nd5 19. Na5 Nxe3 20. Nxb7 Qb6 21. Qxd6 Qa7 22. Kh1 Rxf4 23. Nc5 Nxf1 24. Rxf1 Rc8 25. a3 Qc7 26. Qxa6 Bxe5 27. Re1 Rh4 28. Rxe5 Rd8 29. Rxe6 0-1


[Site "https://www.chess.com"]

[Event "Titled Tuesday Blitz December 27 Late 2022"]
[White "Gasparyan, David"]
[Black "Antonica, Dragos-Andrei"]
[WhiteFideId "13311980"]
[BlackFideId "1246372"]
[WhiteElo "2142"]
[BlackElo "2373"]
[Result "0-1"]
[Round "04"]
[TimeControl "180+2"]
[Date "2022.12.27"]
[WhiteClock "0:00:04"]
[BlackClock "0:00:27"]

1. d4 d5 2. e3 e6 3. f4 c5 4. c3 Nf6 5. Nf3 Ne4 6. Bd3 Nc6 7. Nbd2 cxd4 8. exd4 f5 9. O-O Be7 10. Ne5 Nxe5 11. fxe5 O-O 12. Nf3 Bd7 13. a4 Kh8 14. Qb3 Bc6 15. a5 g5 16. Be3 g4 17. Nd2 Bg5 18. Bxg5 Qxg5 19. Nxe4 dxe4 20. Bb5 f4 21. Bxc6 bxc6 22. Qxe6 f3 23. Rae1 e3 24. Kh1 e2 25. Rf2 Qd2 26. Rg1 e1=Q 27. Rxd2 Qxd2 28. gxf3 gxf3 29. Qd7 Qh6 30. Qg4 f2 31. Rf1 Rg8 32. Qe4 Rg1+ 33. Rxg1 fxg1=Q+ 34. Kxg1 Rg8+ 35. Kf1 Qxh2 36. Qf5 Rg1# 0-1


[Site "https://www.chess.com"]

[Event "Titled Tuesday Blitz December 27 Late 2022"]
[White "Gerbelli Neto, Eduardo"]
[Black "Kazakouski, Valery"]
[WhiteFideId "2103281"]
[BlackFideId "13507443"]
[WhiteElo "2114"]
[BlackElo "2539"]
[Result "0-1"]
[Round "04"]
[TimeControl "180+2"]
[Date "2022.12.27"]
[WhiteClock "0:00:24"]
[BlackClock "0:01:53"]

1. e4 c5 2. Nc3 a6 3. f4 b5 4. g3 Bb7 5. Bg2 Nf6 6. d3 e6 7. Nh3 d5 8. Qe2 Be7 9. f5 exf5 10. exf5 Nc6 11. O-O Nd4 12. Qd1 O-O 13. Ne2 Nxe2+ 14. Qxe2 Re8 15. Bf4 Qd7 16. Rae1 h6 17. Qd2 Bf8 18. Rxe8 Rxe8 19. Re1 Rxe1+ 20. Qxe1 Qxf5 21. Bf3 Qxh3 0-1


[Site "https://www.chess.com"]

[Event "Titled Tuesday Blitz December 27 Late 2022"]
[White "Goltseva, Ekaterina"]
[Black "Rego, Pedro Filipe"]
[WhiteFideId "24173770"]
[BlackFideId "1904310"]
[WhiteElo "2283"]
[BlackElo "2312"]
[Result "0-1"]
[Round "04"]
[TimeControl "180+2"]
[Date "2022.12.27"]
[WhiteClock "0:00:01"]
[BlackClock "0:00:09"]

1. Nf3 Nf6 2. c4 e6 3. Nc3 d5 4. e3 c5 5. d4 Nc6 6. a3 dxc4 7. Bxc4 a6 8. O-O b5 9. Ba2 Bb7 10. dxc5 Qxd1 11. Rxd1 Bxc5 12. b4 Bb6 13. Bb2 Ke7 14. Ne2 Rhd8 15. Nfd4 Nxd4 16. Nxd4 Rac8 17. Rac1 Nd5 18. Kf1 Nf6 19. f3 Rxc1 20. Rxc1 Rc8 21. Rxc8 Bxc8 22. Ke2 Bb7 23. g4 Bd5 24. Bxd5 Nxd5 25. Kd3 Kd6 26. Bc1 f6 27. e4 Ne7 28. Nb3 Nc6 29. Bb2 e5 30. h4 a5 31. bxa5 Nxa5 32. Nd2 Bc5 33. Bc1 Bb6 34. Bb2 Kc5 35. Bc3 Kc6 36. Bb4 Bd8 37. Bf8 g6 38. Nf1 Nc4 39. Ng3 Nb2+ 40. Kc3 Nc4 41. h5 Bb6 42. Kb3 Nd2+ 43. Kc2 Nxf3 44. Bg7 Nd4+ 0-1


[Site "https://www.chess.com"]

[Event "Titled Tuesday Blitz December 27 Late 2022"]
[White "Goncalves, Davi Sulzbacher"]
[Black "Preotu, Razvan"]
[WhiteFideId "2154510"]
[BlackFideId "2613280"]
[WhiteElo "2282"]
[BlackElo "2475"]
[Result "0-1"]
[Round "04"]
[TimeControl "180+2"]
[Date "2022.12.27"]
[WhiteClock "0:00:03"]
[BlackClock "0:00:15"]

1. Nf3 c5 2. g3 Nc6 3. Bg2 e5 4. O-O d5 5. c4 Nf6 6. cxd5 Nxd5 7. Nc3 Be6 8. d3 Be7 9. Nd2 O-O 10. Nc4 Qd7 11. f4 exf4 12. gxf4 Nxc3 13. bxc3 Bf6 14. Qe1 b5 15. Ne5 Nxe5 16. Bxa8 Nxd3 17. exd3 Rxa8 18. Be3 Qxd3 19. Rd1 Qc4 20. f5 Bd5 21. Rf4 Qxa2 22. Rf2 Qb3 23. Rfd2 Bf3 24. Rb1 Qc4 25. Qf2 Be4 26. Rbd1 Qxc3 27. Bxc5 h6 28. Bxa7 Rxa7 29. Qxa7 Qf3 30. Qb8+ Kh7 31. Qg3 Qxf5 32. Rf2 Qc5 33. Kf1 Qc4+ 34. Ke1 Bc3+ 35. Rfd2 b4 36. Kf2 Bxd2 37. Rxd2 b3 38. Qe5 Bc2 39. Ke3 Qe6 0-1


[Site "https://www.chess.com"]

[Event "Titled Tuesday Blitz December 27 Late 2022"]
[White "Gorodetzky, David"]
[Black "Araujo Sanchez, Josue"]
[WhiteFideId "2813416"]
[BlackFideId "6416896"]
[WhiteElo "2485"]
[BlackElo "2303"]
[Result "1-0"]
[Round "04"]
[TimeControl "180+2"]
[Date "2022.12.27"]
[WhiteClock "0:00:25"]
[BlackClock "0:00:05"]

1. d4 Nf6 2. Nf3 e6 3. Bf4 Be7 4. e3 O-O 5. c4 b6 6. Nc3 Bb4 7. Bd3 Bb7 8. O-O Bxc3 9. bxc3 Ne4 10. Nd2 Nxd2 11. Qxd2 d6 12. e4 Nd7 13. Bg5 f6 14. Be3 f5 15. exf5 exf5 16. Bg5 Qe8 17. Rae1 Qg6 18. Re7 Rf7 19. Rfe1 Nf6 20. d5 Raf8 21. f3 h6 22. Rxf7 Qxf7 23. Bxf5 Bc8 24. Bxc8 Rxc8 25. Be3 Re8 26. Bd4 Nd7 27. Re3 a6 28. h4 Rxe3 29. Qxe3 b5 30. cxb5 axb5 31. Qe6 Kf8 32. f4 g6 33. g4 Qxf4 34. Qxd7 Qg3+ 35. Kf1 Qf3+ 36. Ke1 Qe4+ 37. Kd2 Qg2+ 38. Kc1 Qf1+ 39. Kb2 Qg2+ 40. Ka3 Qxd5 41. Qxc7 Qa8+ 42. Qa7 Qd5 43. Qg7+ Ke8 44. Qxg6+ Kd7 45. Qf5+ 1-0


[Site "https://www.chess.com"]

[Event "Titled Tuesday Blitz December 27 Late 2022"]
[White "Graif, William"]
[Black "Myers, Dominique"]
[WhiteFideId "2609835"]
[BlackFideId "2041715"]
[WhiteElo "2304"]
[BlackElo "2042"]
[Result "1-0"]
[Round "04"]
[TimeControl "180+2"]
[Date "2022.12.27"]
[WhiteClock "0:00:10"]
[BlackClock "0:01:58"]

1. e4 e5 2. Nf3 Nc6 3. Bc4 Nf6 4. d3 Bc5 5. c3 O-O 6. Bg5 h6 7. Bh4 d6 8. a3 a6 9. Nbd2 Be6 10. Bd5 Rb8 11. Nc4 g5 12. Nxg5 Nxd5 13. exd5 Bxd5 14. Qh5 Qf6 15. Nh7 Bxf2+ 16. Bxf2 Kxh7 17. Ne3 Be6 18. O-O Qg6 19. Qe2 Rg8 20. Bh4 f5 21. Rf2 f4 22. Nc2 Ne7 23. Bxe7 Rbe8 24. Bh4 Bf5 25. Rd1 Rg7 26. Ne1 Bg4 27. Nf3 Qh5 28. Bf6 Rg6 29. Qe4 Bf5 30. Qxb7 Rxf6 31. Qxc7+ Rf7 32. Qxd6 Re6 33. Qd5 Rg6 34. Re1 Bg4 35. Qxf7+ Rg7 36. Qxh5 Bxh5 37. Nxe5 Rb7 38. d4 Bg6 39. Rd2 Bf5 40. d5 Bd7 41. d6 Kg7 42. Nxd7 Rxd7 43. Re7+ Kf6 44. Rxd7 1-0


[Site "https://www.chess.com"]

[Event "Titled Tuesday Blitz December 27 Late 2022"]
[White "Grigorov, Grigor"]
[Black "Sos Andreu, Eric"]
[WhiteFideId "2907313"]
[BlackFideId "22247017"]
[WhiteElo "2510"]
[BlackElo "2352"]
[Result "1-0"]
[Round "04"]
[TimeControl "180+2"]
[Date "2022.12.27"]
[WhiteClock "0:00:37"]
[BlackClock "0:00:41"]

1. Nf3 Nf6 2. d4 e6 3. Bg5 Be7 4. Nbd2 d5 5. e3 O-O 6. Bd3 Nbd7 7. c3 h6 8. Bh4 c5 9. O-O b6 10. Ne5 Bb7 11. Nxd7 Nxd7 12. Bxe7 Qxe7 13. f4 Rac8 14. Qh5 Nf6 15. Qh4 cxd4 16. exd4 Rc7 17. Rae1 Nh7 18. Qg3 Qd6 19. Re5 f5 20. Rfe1 Bc8 21. Nf3 Nf6 22. R5e2 a6 23. Ne5 b5 24. a3 Nd7 25. Ng6 Rf6 26. Bxf5 exf5 27. Re8+ Kf7 28. Nh8# 1-0


[Site "https://www.chess.com"]

[Event "Titled Tuesday Blitz December 27 Late 2022"]
[White "Gritsenko, Nikolai"]
[Black "Vakhlamov, Igor L."]
[WhiteFideId "14112493"]
[BlackFideId "24126748"]
[WhiteElo "2309"]
[BlackElo "2413"]
[Result "0-1"]
[Round "04"]
[TimeControl "180+2"]
[Date "2022.12.27"]
[WhiteClock "0:00:01"]
[BlackClock "0:00:20"]

1. b3 e5 2. Bb2 Nc6 3. c4 Nf6 4. e3 d5 5. cxd5 Nxd5 6. a3 Bd6 7. d3 O-O 8. Nf3 Re8 9. Be2 a5 10. O-O Nde7 11. Nbd2 Ng6 12. Re1 Bd7 13. Rc1 Nh4 14. Nc4 Nxf3+ 15. Bxf3 Qg5 16. Qe2 h6 17. g3 Qg6 18. Be4 f5 19. Bd5+ Kh8 20. Bf3 Re7 21. Red1 Rf8 22. Nxd6 cxd6 23. d4 f4 24. Bh5 Qg5 25. h4 Qf5 26. e4 Qh3 27. d5 fxg3 28. fxg3 Qxg3+ 29. Qg2 Qe3+ 30. Kh1 Rf2 31. Rc3 Qf4 32. dxc6 Rxg2 33. Kxg2 Bxc6 34. Rg3 Bxe4+ 35. Kh3 Bf5+ 36. Bg4 Rf7 37. Rdg1 h5 38. Bxf5 Qxf5+ 39. Kh2 Qc2+ 40. R1g2 Rf2 41. Rxg7 Rxg2+ 42. Rxg2 Qxb3 43. Bc1 Qc4 44. Bg5 Kh7 45. Rf2 b5 46. Rf6 Qe2+ 47. Kg3 Qd3+ 48. Kh2 Qc2+ 49. Kg3 Qb3+ 50. Kh2 Qa2+ 51. Kg1 Qa1+ 52. Kh2 Qxa3 53. Rh6+ Kg7 54. Rxh5 Qa2+ 55. Kg3 Qb3+ 56. Kf2 Qc2+ 57. Ke1 Qe4+ 58. Kd2 Qd4+ 59. Kc1 Qg1+ 60. Kc2 Qg2+ 0-1


[Site "https://www.chess.com"]

[Event "Titled Tuesday Blitz December 27 Late 2022"]
[White "Gurevich, Dmitry"]
[Black "Guseinov, Gadir"]
[WhiteFideId "2000407"]
[BlackFideId "13401378"]
[WhiteElo "2393"]
[BlackElo "2661"]
[Result "1/2-1/2"]
[Round "04"]
[TimeControl "180+2"]
[Date "2022.12.27"]
[WhiteClock "0:00:04"]
[BlackClock "0:00:11"]

1. d4 Nf6 2. c4 g6 3. Nc3 Bg7 4. e4 d6 5. Nf3 O-O 6. Be2 e5 7. O-O exd4 8. Nxd4 Re8 9. f3 c6 10. Kh1 Na6 11. Bg5 h6 12. Bh4 Nc7 13. Nb3 a6 14. Bg3 d5 15. cxd5 cxd5 16. Bxc7 Qxc7 17. exd5 b5 18. Rc1 Qb6 19. a4 Bd7 20. a5 Qd6 21. Bd3 b4 22. Ne4 Nxe4 23. fxe4 Bxb2 24. Rc2 Bc3 25. Qf3 Re7 26. Nd2 Bb5 27. Bxb5 axb5 28. Nb3 Qe5 29. Re2 f5 30. d6 Qxd6 31. exf5 Rf8 32. Rxe7 Qxe7 33. Qd5+ Qf7 34. Qxf7+ Rxf7 35. g4 gxf5 36. Rxf5 Re7 37. Rxb5 Re1+ 38. Kg2 Rb1 39. a6 Rb2+ 40. Kf1 Ra2 41. Rb6 Kg7 42. h4 Bf6 43. h5 Bg5 44. Nd4 Kf7 45. Nc6 Be3 46. Rxb4 Ra1+ 47. Ke2 Rxa6 48. Ne5+ Kf6 49. Nd7+ Ke7 50. Kxe3 Kxd7 51. Re4 Rf6 52. Rf4 Re6+ 53. Re4 Rf6 54. Kd4 Kd6 55. Kd3 Rf1 56. Ke2 Rg1 57. Kf3 Kd5 58. Re8 Rf1+ 59. Kg3 Rf6 60. g5 hxg5 61. Kg4 Rf1 62. Kxg5 Rg1+ 63. Kh6 Kd6 64. Kh7 Kd7 65. Re2 Rg5 66. h6 Rg1 67. Re3 Rg2 68. Re1 Kd6 69. Re3 Kd7 70. Re1 Rg4 71. Re3 Rg5 72. Re1 Rg3 73. Re4 Rg2 74. Re1 1/2-1/2


[Site "https://www.chess.com"]

[Event "Titled Tuesday Blitz December 27 Late 2022"]
[White "Herman, Daniel"]
[Black "Omariev, Maksim"]
[WhiteFideId "30935008"]
[BlackFideId "4193423"]
[WhiteElo "1956"]
[BlackElo "2304"]
[Result "0-1"]
[Round "04"]
[TimeControl "180+2"]
[Date "2022.12.27"]
[WhiteClock "0:00:08"]
[BlackClock "0:00:03"]

1. Nc3 d5 2. e4 d4 3. Nce2 a6 4. Nf3 c5 5. Ng3 Nc6 6. Bc4 Nf6 7. d3 b5 8. Bb3 Na5 9. O-O e6 10. c3 Nxb3 11. axb3 Bb7 12. b4 dxc3 13. bxc5 cxb2 14. Bxb2 Bxc5 15. d4 Bb6 16. d5 exd5 17. Nf5 O-O 18. exd5 Re8 19. d6 Nh5 20. Ne7+ Rxe7 21. dxe7 Qxe7 22. Re1 Qb4 23. Qd2 Qg4 24. Re3 Nf4 25. g3 Nh3+ 26. Kf1 Bxe3 27. Qxe3 Bxf3 28. Qe5 f6 29. Qc3 Ng5 30. Re1 Qh3+ 31. Kg1 Qg2# 0-1


[Site "https://www.chess.com"]

[Event "Titled Tuesday Blitz December 27 Late 2022"]
[White "Hernandez Jimenez, Alexander Andres"]
[Black "Joubert, Dantelle"]
[WhiteFideId "3900452"]
[BlackFideId "14310813"]
[WhiteElo "2134"]
[BlackElo "1566"]
[Result "0-1"]
[Round "04"]
[TimeControl "180+2"]
[Date "2022.12.27"]
[WhiteClock "0:00:01"]
[BlackClock "0:00:21"]

1. e4 e5 2. Nf3 Nc6 3. Bc4 Bc5 4. b4 Bxb4 5. c3 Be7 6. d4 Na5 7. Bd3 d6 8. dxe5 dxe5 9. Nxe5 Nf6 10. O-O O-O 11. Ba3 Bxa3 12. Nxa3 Qe7 13. Nac4 Nxc4 14. Nxc4 Rd8 15. Qc2 h6 16. Rad1 Be6 17. Ne3 Qc5 18. Rfe1 Rd7 19. e5 Qxe5 20. Nf5 Qc5 21. Nd4 Bd5 22. Bf5 Re7 23. Rxe7 Qxe7 24. c4 Be4 25. Bxe4 Qxe4 26. Qxe4 Nxe4 27. Nb5 c6 28. Nd6 Rd8 29. c5 Nxc5 30. Rd2 Rd7 31. f3 b6 32. Kf2 Nb7 33. Ne4 Rxd2+ 34. Nxd2 Kf8 35. Ke3 Ke7 36. Nc4 Ke6 37. f4 g6 38. g4 Nd6 39. Ne5 c5 40. Nc6 Nc8 41. Nd8+ Ke7 42. Nc6+ Kd7 0-1


[Site "https://www.chess.com"]